 Dungeon Crawl Stone Soup version 0.25.0-26-g0c896c7088 (webtiles) character file.

Game seed: 13543053896882820023

1938 Peloso the Slasher (level 8, 0/61 HPs)
             Began as a Demonspawn Fighter on July 2, 2020.
             Was a Believer of Okawaru.
             Slain by an orc warrior
             ... wielding a +0 scimitar
              (7 damage)
             ... on level 5 of the Dungeon.
             The game lasted 00:11:02 (5412 turns).

Peloso the Slasher (Demonspawn Fighter)             Turns: 5412, Time: 00:11:03

Health: 0/61       AC: 12    Str: 19    XL:     8   Next: 97%
Magic:  0/9        EV:  7    Int: 10    God:    Okawaru [**....]
Gold:   265        SH: 12    Dex: 18    Spells: 7/7 levels left

rFire    . . .     SeeInvis .   a - +1 long sword
rCold    . . .     Gourm    .   c - +2 kite shield
rNeg     . . .     Faith    .   h - +1 chain mail {rPois}
rPois    +         Spirit   +   (no helmet)
rElec    .         Reflect  .   (no cloak)
rCorr    +         Harm     .   (no gloves)
MR       .....                  (no boots)
Stlth    ..........             o - amulet of regeneration
HPRegen  0.60/turn              n - +6 ring of dexterity
MPRegen  0.11/turn              l - ring of resist corrosion

@: no status effects
A: thin metallic scales 1, magic shield, rot immunity
a: Heroism, Renounce Religion


You were on level 5 of the Dungeon.
You worshipped Okawaru.
Okawaru was pleased with you.
You were not hungry.

You visited 1 branch of the dungeon, and saw 6 of its levels.

You collected 265 gold pieces.

Inventory:

Hand Weapons
 a - a +1 long sword (weapon)
Missiles
 j - 61 bolts
Armour
 b - a +0 scale mail
 c - a +2 kite shield (worn)
 h - a +1 chain mail of poison resistance (worn)
Jewellery
 l - a ring of resist corrosion (right hand)
 n - a +6 ring of dexterity (left hand)
 o - an amulet of regeneration (around neck)
 u - an uncursed ring of protection from cold
Scrolls
 g - 2 scrolls of identify
 i - a scroll of fog
 k - a scroll of enchant armour {unknown}
 m - 2 scrolls of remove curse
 p - a scroll of enchant weapon
 q - 3 scrolls of blinking {unknown}
 s - a scroll of noise {unknown}
 y - 3 scrolls of teleportation {unknown}
 z - a scroll of magic mapping {unknown}
 E - a scroll of amnesia {unknown}
 G - a scroll of summoning {unknown}
Potions
 d - 2 potions of might
 e - a potion of heal wounds
 r - 2 potions of curing
 t - 2 potions of resistance
 v - a potion of haste
 w - 2 potions of stabbing
 x - a potion of brilliance
 A - a potion of cancellation {unknown}
 B - a potion of mutation {unknown}
 C - a potion of flight {unknown}
 F - a potion of ambrosia {unknown}
Comestibles
 f - 11 rations
 D - 2 chunks of flesh


   Skills:
 + Level 4.8 Fighting
 + Level 7.4 Long Blades
 + Level 4.7 Armour
 + Level 2.4 Dodging
 + Level 5.6 Shields
 + Level 1.8 Invocations


You had 7 spell levels left.
You didn't know any spells.
Your spell library was empty.

Dungeon Overview and Level Annotations

Branches:
Dungeon (6/15)             Temple (0/1) D:5

Altars:
Ashenzari
Gozag
Kikubaaqudgha
Okawaru
Ru
Vehumet
Wu Jian
Zin


Innate Abilities, Weirdness & Mutations

You are partially covered in thin metallic scales. (AC +2)
When hurt, damage is shared between your health and your magic reserves.
You are immune to rotting.


Message History

Beogh smites you!
Things that are here:
a +0 flail; a +0 leather armour; a potion of lignification The orc priest mumbles some strange prayers to Beogh against you.
Beogh smites you! You block the orc's attack.
The orc roars to no one in particular.
The orc priest mumbles some strange prayers to Beogh against you.
Beogh smites you!
The orc priest mumbles some strange prayers to Beogh against you.
Beogh smites you!
* * * LOW HITPOINT WARNING * * *
You block the orc's attack.
There is a stone staircase leading up here.
The orc warrior hits you with a +0 scimitar.
* * * LOW HITPOINT WARNING * * *
You climb upwards.
There is a stone staircase leading down here.
Unknown command.
The orc warrior hits you with a +0 scimitar!
You die...

#..........# ##### ###.########.#
##...## #.....# #.#
#P.P..###.###.######.#
####.##.....# #........#
######P#...#P....###.#.####.#
...##....>....##......#.###.#
......P#...#P##.oo.#.###.##.#####
...######.####..@...##...........
#.## #P.P# #.....#.#.#.........
#.# #..## #...................
#.# #.## ##...........#......
#.######.#######.#........#.....#
#...........[.................###
###########.####..........#.#.###
#.# ##.#.......#.#.... #.#
#.#..............


You could see an orc warrior and an orc.

Vanquished Creatures
  An orc warrior (D:6)
  A phantom (D:4)
  A sky beast (D:5)
  2 ice beasts (D:5)
  A centaur (D:3)
  4 bullfrogs (D:6)
  A wyvern skeleton (D:6)
  A scorpion (D:4)
  2 howler monkeys
  A crimson imp (D:6)
  6 hounds
  2 jellies (D:6)
  2 orc priests
  5 orc wizards
  2 iguanas
  8 worker ants
  3 hound skeletons
  5 adders
  2 shadow imps
  3 oozes
  An adder zombie (D:5)
  4 worms
  A dart slug (D:3)
  7 leopard geckos
  22 orcs
  2 ball pythons
  12 bats
  9 giant cockroaches
  8 goblins
  5 hobgoblins
  7 jackals
  3 quokkas
  12 frilled lizards
  9 kobolds
  A leopard gecko skeleton (D:4)
  A quokka skeleton (D:4)
  6 rats
  A bush (D:4)
164 creatures vanquished.

Notes
Turn   | Place    | Note
-------+----------+-------------------------------------------
     0 | D:1      | Peloso the Demonspawn Fighter began the quest for the Orb.
     0 | D:1      | Reached XP level 1. HP: 18/18 MP: 1/1
   554 | D:1      | Gained mutation: When hurt, damage is shared between your
                  | health and your magic reserves. [demonic ancestry]
   554 | D:1      | Reached XP level 2. HP: 18/24 MP: 2/2
   733 | D:1      | Reached skill level 2 in Long Blades
  1080 | D:2      | Gained mutation: You are immune to rotting. [demonic
                  | ancestry]
  1080 | D:2      | Reached XP level 3. HP: 22/29 MP: 3/3
  1443 | D:2      | Gained mutation: You are partially covered in thin metallic
                  | scales. (AC +2) [demonic ancestry]
  1443 | D:2      | Reached XP level 4. HP: 33/35 MP: 4/4
  1764 | D:2      | Found a glowing silver altar of Zin.
  1765 | D:2      | Found an opulent altar of Gozag.
  2043 | D:3      | Reached skill level 3 in Long Blades
  2200 | D:3      | Found a radiant altar of Vehumet.
  2385 | D:3      | Found an ancient bone altar of Kikubaaqudgha.
  2407 | D:3      | Reached XP level 5. HP: 41/41 MP: 5/5
  2456 | D:3      | You fall into a shaft and drop 1 floor!
  2668 | D:3      | Noticed a centaur
  2676 | D:3      | Killed a centaur
  2676 | D:3      | Reached skill level 1 in Dodging
  2676 | D:3      | Reached XP level 6. HP: 37/48 MP: 3/6
  2901 | D:4      | Reached skill level 4 in Long Blades
  3359 | D:4      | Reached XP level 7. HP: 50/53 MP: 7/7
  3363 | D:4      | Found an iron altar of Okawaru.
  3371 | D:4      | Became a worshipper of Warmaster Okawaru
  3644 | D:4      | Reached skill level 5 in Long Blades
  3931 | D:5      | Entered Level 5 of the Dungeon
  4167 | D:5      | Reached skill level 6 in Long Blades
  4206 | D:5      | Reached * piety under Okawaru
  4206 | D:5      | Reached XP level 8. HP: 61/61 MP: 8/8
  4430 | D:5      | Found a staircase to the Ecumenical Temple.
  4798 | D:6      | Reached skill level 5 in Shields
  4930 | D:6      | Reached skill level 7 in Long Blades
  5075 | D:6      | Reached skill level 1 in Invocations
  5214 | D:6      | Reached ** piety under Okawaru
  5344 | D:6      | Found an ornate altar of the Wu Jian Council.
  5358 | D:6      | Found a sacrificial altar of Ru.
  5368 | D:6      | Found a shattered altar of Ashenzari.
  5412 | D:5      | Slain by an orc warrior

Illustrated notes

Levels and vault maps discovered:
D:1:      eino_arrival_druids_welcome, layout_basic, st_stairs_5,
          minmay_pentomino_q2
D:2:      layout_basic, grunt_temple_overflow_gold_and_silver
D:3:      layout_rooms, old_standard_altar, lemuel_doored_altar,
          kennysheep_doodads, minmay_lizard_king
D:4:      layout_loops_corners, first_ration, serial_forest,
          infiniplex_forest_lined_corner, infiniplex_forest_lined_corner,
          infiniplex_forest_clump_medium, infiniplex_forest_clump_curved,
          kennysheep_okawaru_gauntlet
D:5:      layout_loops_ring, minmay_temple_entry_gardened_gates
D:6:      layout_cave_pools, minmay_overflow_temple_star_quad, nicolae_sextant,
          hangedman_decor_riveting, nemelex_lonely_heart_becter

Skill      XL: |  1  2  3  4  5  6  7  8 |
---------------+-------------------------+-----
Armour         | 3 4 |  4.7
Long Blades    | 2 3 4 6 7 |  7.4
Shields        | 3 4 5 |  5.6
Dodging        | 1 2 |  2.4
Fighting       | 4 |  4.8
Invocations    | 1 |  1.8

Action                   |  1- 3 |  4- 6 |  7- 9 || total
-------------------------+-------+-------+-------++-------
Melee: Long sword        |   115 |   250 |   442 ||   807
Invok: Heroism           |       |       |     1 ||     1
  Use: Scroll            |       |       |    12 ||    12
  Eat: Chunk             |     2 |     7 |     8 ||    17
Armor: Scale mail        |    62 |    91 |    36 ||   189
       Chain mail        |       |       |   113 ||   113
Dodge: Dodged            |    36 |    60 |    74 ||   170
Block: Kite shield       |    72 |   149 |   221 ||   442
       Rpst.: Long sword |    13 |    22 |    23 ||    58
